 Dungeon Sprint DCSS version 0.21.0-24-g2553a33 (webtiles) character file.

1941 letownia2 the Grappler (level 8, -1/74 (75) HPs)
             Began as a Troll Wizard on Jan 20, 2018.
             Was an Initiate of Gozag.
             Slain by an orc warrior
             ... wielding a +0 dire flail
              (21 damage)
             ... in the Dungeon (Sprint III: "The Ten Rune Challenge").
             The game lasted 00:05:32 (739 turns).

letownia2 the Grappler (Troll Wizard)                Turns: 739, Time: 00:05:32

HP:   -1/74 (75)    AC: 10    Str: 18    XL:     8   Next: 98%
MP:   3/13          EV:  9    Int: 16    God:    Gozag
Gold: 80            SH:  0    Dex:  8    Spells: 5/15 levels left

rFire    . . .     SeeInvis .     - Unarmed
rCold    . . .     Gourm    +   (no shield)
rNeg     . . .     Faith    .   t - +2 robe {MR+}
rPois    .         Spirit   .   b - +0 hat
rElec    .         Reflect  .   m - +0 cloak
rCorr    .         Harm     .   (gloves unavailable)
MR       +....     NoTele   +   (boots unavailable)
Stlth    +.........             (no amulet)
HPRegen  0.62/turn              (no ring)
MPRegen  0.13/turn              (no ring)

@: no status effects
A: large, unfitting armour, claws 3, thin metallic scales 1, fast metabolism 3,
gourmand, regeneration 1, shaggy fur 1, strong 1, tough skin 2
a: Potion Petition, Call Merchant, Bribe Branch, Renounce Religion


You were in the Dungeon.
You worshipped Gozag.
Gozag was noncommittal.
You were very full.

You visited 1 branch You collected 80 gold pieces.

Inventory:

Hand Weapons
 l - a +4 quarterstaff of chaos
 u - a +2 scimitar of flaming
Armour
 a - a +0 robe
 b - a +0 hat (worn)
 m - a +0 cloak (worn)
 t - a +2 robe of magic resistance (worn)
Scrolls
 c - a scroll of holy word {unknown}
 j - a scroll of blinking
 k - 6 scrolls of identify {unknown}
 n - a scroll of remove curse {unknown}
 o - a scroll of immolation {unknown}
Potions
 e - a potion of curing
 f - 2 potions of might
 g - a potion of haste
 h - 2 potions of magic
 i - a potion of berserk rage
 q - a potion of cancellation {unknown}
 r - a potion of flight {unknown}
 s - 3 potions of mutation
Miscellaneous
 p - a phantom mirror
Comestibles
 d - 5 rations


   Skills:
 + Level 3.4 Fighting
 - Level 1.5 Dodging
 - Level 1.0 Stealth
 - Level 13.7 Unarmed Combat
 - Level 4.1 Spellcasting
 - Level 4.5 Conjurations
 - Level 2.0 Hexes
   Level 0.6 Summonings
 - Level 0.6 Translocations
 - Level 4.2 Fire Magic
 - Level 4.0 Air Magic
 - Level 4.4 Poison Magic


You had 5 spell levels left.
You knew the following spells:

 Your Spells              Type           Power        Failure   Level  Hunger
a - Magic Dart            Conj           ###.         2%          1    None
b - Blink                 Tloc           N/A          21%         2    ##.....
c - Conjure Flame         Conj/Fire      ###.....     9%          3    ###....
d - Confusing Touch       Hex            #.....       7%          1    None
e - Mephitic Cloud        Conj/Pois/Air  ###.....     9%          3    ###....


Dungeon Overview and Level Annotations

Branches:
Dungeon (1/1)

Altars:
Cheibriados
Dithmenos
Elyvilon
Fedhas
Gozag
Hepliaklqana
Kikubaaqudgha
Makhleb
Nemelex Xobeh
Okawaru
Qazlal
Ru
Sif Muna
Trog
Uskayaw
Vehumet
Wu Jian
Xom
Yredelemnul
Zin
The Shining One
Beogh
Jiyva
Lugonu

Shops:
D :


Innate Abilities, Weirdness & Mutations

You are too large for most types of armour.
You have claws for hands.
Your metabolism is lightning-fast.
You like to eat raw meat.
Your natural rate of healing is unusually fast.
You are covered in fur. (AC +1)
You have very tough skin. (AC +2)
You are partially covered in thin metallic scales. (AC +2)
Your muscles are strong. (Str +2)


Message History

Things that are here:
a book of Misfortune; a book of Minor Magic
There is an open door here.
The orc priest mumbles some strange prayers to Beogh against you.
Beogh smites you!
* * * LOW HITPOINT WARNING * * *
There is a fountain of clear blue water here.
Things that are here:
a dagger; a robe
There is an open door here.
There is an ancient bone altar of Kikubaaqudgha here.
Casting: Mephitic Cloud
Confirm with . or Enter, or press ? or * to list all spells.
Aiming: Mephitic Cloud
Press: ? - help, Shift-Dir - straight line The ball explodes into a vile cloud!
The stinking cloud engulfs the orc warrior.
The orc warrior hits you with a dire flail!!
You die...
Your body crumbles into a pile of gold.

.#....≈.♣ ♣..###)#'###)##.$..o...
.#...≈≈.♣♣♣..#..........#ooo.....
.#..≈≈≈≈♣♣...'.⌠.o..o.o.#o∩oo$$$#
)#..≈≈≈≈≈≈.♣.#...######'#o# $ $
.#.≈≈≈≈≈≈....#.⌠.#__#...#o#####
.#.≈≈≈≈≈.....#)..#__#..o#..≈≈≈+
.#.≈≈≈.......#o###__#..o#.#§§§#
##...........#.o.#__#...o.#§§.#
.............#§§@#__'...#.#§§§#
▓▓▓▓▓▓▓▓▓▓▓▓▓▓▓▓▓▓▓▓▓▓▓▓▓▓▓▓▓▓▓


You could see an orc warrior and an orc.

Vanquished Creatures
  Erica (D)
  A deep elf mage (D)
  A shadow (D)
  A spatial vortex (D)
  A necrophage (D)
  A water elemental (D)
  2 orc priests (D)
  A jelly (D)
  An orc wizard (D)
  Crazy Yiuf (D)
  A wizard (D)
  Jessica (D)
  A necromancer (D)
  3 humans (D)
  A kobold demonologist (D)
  An ooze (D)
  5 orcs (D)
  2 rats (D)
26 creatures vanquished.

Vanquished Creatures (others)
  2 draconian scorchers (D)
  6 hellions (D)
  A yaktaur (D)
9 creatures vanquished.

Grand Total: 35 creatures vanquished

Notes
Turn   | Place    | Note
-------+----------+-------------------------------------------
     0 | D        | letownia2 the Troll Wizard began the quest for the Orb.
     0 | D        | Reached XP level 1. HP: 16/16 MP: 2/2
     8 | D        | Reached skill level 1 in Fighting
     8 | D        | Reached skill level 2 in Unarmed Combat
    17 | D        | Noticed Jessica
    23 | D        | Killed Jessica
    23 | D        | Reached skill level 4 in Unarmed Combat
    23 | D        | Reached XP level 2. HP: 29/29 MP: 4/4
    23 | D        | Reached XP level 3. HP: 36/36 MP: 5/5
    40 | D        | Learned a level 3 spell: Mephitic Cloud
    49 | D        | Noticed Crazy Yiuf
    71 | D        | Killed Crazy Yiuf
    71 | D        | Reached skill level 5 in Unarmed Combat
    71 | D        | Reached skill level 1 in Conjurations
    71 | D        | Reached skill level 1 in Air Magic
    71 | D        | Reached skill level 1 in Poison Magic
   105 | D        | Killed a hellion
   105 | D        | Killed a hellion
   106 | D        | Killed a hellion
   107 | D        | Killed a hellion
   107 | D        | Killed a hellion
   107 | D        | Killed a hellion
   114 | D        | Reached XP level 4. HP: 22/44 MP: 6/6
   157 | D        | Noticed a water elemental
   180 | D        | Learned a level 3 spell: Conjure Flame
   181 | D        | Killed a white draconian scorcher
   184 | D        | Killed a water elemental
   184 | D        | Reached skill level 1 in Fire Magic
   223 | D        | Found a radiant altar of Vehumet.
   223 | D        | Found a deep blue altar of Sif Muna.
   223 | D        | Found an ancient bone altar of Kikubaaqudgha.
   223 | D        | Noticed a wizard
   230 | D        | Killed a wizard
   230 | D        | Reached skill level 6 in Unarmed Combat
   230 | D        | Reached XP level 5. HP: 48/50 MP: 3/8
   254 | D        | Learned a level 2 spell: Blink
   271 | D        | Found a glowing silver altar of Zin.
   272 | D        | Found a glowing golden altar of the Shining One.
   272 | D        | Found a white marble altar of Elyvilon.
   273 | D        | Noticed a deep elf mage
   287 | D        | Killed a yaktaur
   294 | D        | Killed a deep elf mage
   294 | D        | Reached skill level 7 in Unarmed Combat
   294 | D        | Reached XP level 6. HP: 28/59 MP: 1/11
   294 | D        | Reached XP level 7. HP: 32/66 MP: 1/12
   300 | D        | Learned a level 1 spell: Confusing Touch
   357 | D        | Killed a white draconian scorcher
   385 | D        | Found a hide-covered altar of Uskayaw.
   385 | D        | Found a roughly hewn altar of Beogh.
   385 | D        | Found an iron altar of Okawaru.
   385 | D        | Found a bloodstained altar of Trog.
   385 | D        | Found an ornate altar of the Wu Jian Council.
   385 | D        | Noticed a human
   387 | D        | Noticed a human
   390 | D        | Killed a human
   390 | D        | Reached skill level 8 in Unarmed Combat
   397 | D        | Killed a human
   397 | D        | Reached skill level 9 in Unarmed Combat
   417 | D        | Found a basalt altar of Yredelemnul.
   417 | D        | Found a shadowy altar of Dithmenos.
   417 | D        | Found a sacrificial altar of Ru.
   425 | D        | Reached skill level 10 in Unarmed Combat
   438 | D        | Noticed a shadow
   444 | D        | Reached XP level 8. HP: 32/73 MP: 13/13
   451 | D        | Reached skill level 11 in Unarmed Combat
   512 | D        | Found a blossoming altar of Fedhas.
   512 | D        | Found a stormy altar of Qazlal.
   512 | D        | Found a snail-covered altar of Cheibriados.
   512 | D        | Found a burning altar of Makhleb.
   512 | D        | Found a shimmering altar of Xom.
   513 | D        | Found a hazy altar of Hepliaklqana.
   513 | D        | Found an opulent altar of Gozag.
   513 | D        | Found a sparkling altar of Nemelex Xobeh.
   513 | D        | Found a corrupted altar of Lugonu.
   513 | D        | Found a viscous altar of Jiyva.
   523 | D        | Became a worshipper of Gozag Ym Sagoz the Greedy
   589 | D        | Gained mutation: Your muscles are strong. (Str +2) [potion of mutation]
   589 | D        | Gained mutation: Your spells are a little easier to cast, but a little less powerful. [potion of mutation]
   589 | D        | Lost mutation: Your spells are a little easier to cast, but a little less powerful. [potion of mutation]
   589 | D        | Gained mutation: You are partially covered in thin metallic scales. (AC +2) [potion of mutation]
   618 | D        | Noticed Erica
   639 | D        | Killed Erica
   639 | D        | Reached skill level 13 in Unarmed Combat
   690 | D        | Found Rerphizosh's Book Boutique.
   704 | D        | Noticed an orc knight
   739 | D        | Slain by an orc warrior

Skill      XL: |  1  2  3  4  5  6  7  8 |
---------------+-------------------------+-----
Fighting       | 2 3 |  3.4
Unarmed Combat | 4 5 6 7 10 13 | 13.7
Conjurations   | 1 2 4 |  4.5
Air Magic      | 1 2 4 |  4.0
Poison Magic   | 1 2 4 |  4.4
Fire Magic     | 1 4 |  4.2
Spellcasting   | 4 |  4.1
Hexes          | 2 |  2.0
Dodging        | |  1.5
Stealth        | |  1.0
Summonings     | |  0.6
Translocations | |  0.6

Action                   |  1- 3 |  4- 6 |  7- 9 || total
-------------------------+-------+-------+-------++-------
Melee: Unarmed           |    30 |    21 |    44 ||    95
       Punch             |       |     1 |     4 ||     5
 Cast: Mephitic Cloud    |     1 |     2 |     9 ||    12
       Conjure Flame     |       |     1 |       ||     1
       Confusing Touch   |       |       |     2 ||     2
  Use: Potion            |       |     1 |     1 ||     2
 Stab: Confused          |     2 |     1 |     3 ||     6
  Eat: Chunk             |     1 |     4 |     7 ||    12
Armor: Robe              |     3 |     5 |     3 ||    11
Dodge: Dodged            |    10 |     4 |     9 ||    23
